cohdb
Replays
Latest Replays
All Replays
Popular Replays
Top Player Replays
Match Explorer
How It Works
Community
CoH3 Stats
Reddit
Sign in to upload your games and track your stats! →
Sign in with Steam
Match 43858710
Unlisted
Match 43858710
Overview
Messages
Build Orders
End
Selects Canadian Shock Battlegroup
Construct Section Command Post
Vickers Machine Gun Team
Infantry Section
Dingo Light Scout Car
Selects Attacking Spirit
Selects Canadian Shock Section
Canadian Shock Section
Construct Platoon Command Post
Unlock M3 Stuart Light Tanks
M3 Stuart Light Tank
Selects Incendiary Munitions
Infantry Section
Royal Engineer Section
CMP 15cwt Truck
Selects Pyrotechnics
Construct Company Command Post
6-pounder Anti-tank Gun Team
Matilda II Heavy Tank
Serial Chiller
Polar
Superhuman
Retsugo
Hauptmann_Wotan
toigli
A BÜNTETŐ
USSR|G ReFIeX
0
0
Comments
sign in to comment!
No comments posted yet!